Map: Ice and Chrome LE

Players

Trap

  • Race: Protoss Protoss
  • Spawn Location: 7:00

Reynor - Winner!

  • Race: Zerg Zerg
  • Spawn Location: 1:00

Event: DreamHack SC2 Masters 2020 Summer Season Finals

VOD

Have the link to the VOD?

Description

Time

  • Played on: July 19, 2020, 9:52 a.m.
  • Length: 15:41

All games in this series

Show
View Real Time Build Order
Export as new Build Order

Trap Protoss 

Build Orders: 1 Gate Expand, Oracle Opening 

Get SALT Encoding   

  12  0:01  Probe  
  13  0:13  Probe  
  13  0:14  Pylon  
  14  0:22  Probe  
  15  0:32  Probe  
  16  0:42  Gateway  
  16  0:44  Probe  
  16  0:48  Assimilator  
  17  0:56  Probe  
  18  1:08  Probe  
  19  1:20  Probe  
  19  1:25  Nexus  
  20  1:35  Cybernetics Core  
  20  1:38  Probe  
  21  1:45  Assimilator  
  21  1:50  Probe  
  21  1:54  Pylon  
  22  2:02  Probe  
  22  2:03  Adept  
  23  2:11  Probe  
  23  2:13  Warp Gate  
  26  2:19  Probe  
  26  2:28  Stargate  
  26  2:29  Probe  
  27  2:34  Probe  
  28  2:37  Stalker  
  28  2:41  Probe  
  28  2:42  Probe  
  33  2:52  Probe  
  33  2:53  Probe  
  35  3:02  Oracle  
  35  3:04  Probe  
  35  3:05  Probe  
  37  3:07  Adept  
  42  3:14  Gateway  
  42  3:17  Probe x2  
  44  3:22  Pylon  
  44  3:28  Pylon  
  44  3:32  Oracle  
  44  3:33  Probe x2  
  49  3:45  Pylon, Probe x2  
  51  3:57  Assimilator  
  51  3:59  Assimilator  
  51  4:01  Probe x2  
  53  4:03  Shield Battery  
  53  4:13  Probe x2  
  53  4:15  Adept x2  
  58  4:20  Nexus  
  58  4:24  Pylon  
  58  4:26  Probe x2  
  60  4:38  Forge  
  60  4:40  Twilight Council  
  60  4:45  Probe x2  
  62  4:49  Sentry x2  
  62  4:50  Protoss Ground Weapons Level 1  
  64  4:53  Blink  
  64  4:55  Shield Battery  
  64  4:58  Pylon  
  62  5:00  Gateway  
  62  5:01  Gateway  
  62  5:10  Gateway  
  62  5:12  Gateway  
  62  5:18  Sentry  
  62  5:19  Sentry  
  67  5:28  Probe x2  
  67  5:32  Probe  
  69  5:40  Probe x2  
  71  5:44  Stalker x2  
  71  5:49  Probe  
  76  5:52  Probe  
  76  5:53  Probe  
  76  5:54  Pylon  
  76  5:56  Zealot  
  80  5:58  Pylon  
  80  6:02  Probe  
  81  6:04  Probe  
  81  6:05  Probe  
  81  6:09  Zealot  
  82  6:18  Stalker x2  
  82  6:19  Stalker x3  
  82  6:24  Probe x3  
  95  6:26  Pylon  
  95  6:29  Robotics Facility  
  95  6:37  Protoss Ground Weapons Level 2, Probe x3  
  98  6:47  Assimilator  
  98  6:48  Assimilator  
  98  6:49  Probe x3  
  98  6:50  Stalker  
  98  6:51  Stalker x2  
  98  6:52  Stalker  
  108  6:57  Pylon  
  108  7:01  Probe x3  
  108  7:04  Stalker x2  
  108  7:08  Pylon  
  115  7:17  Robotics Bay  
  115  7:25  Photon Cannon  
  115  7:27  Photon Cannon  
  115  7:28  Pylon  
  115  7:29  Pylon  
  115  7:30  Immortal  
  115  7:32  Sentry x3  
  115  7:33  Shield Battery  
  115  7:35  Shield Battery  
  125  7:51  Probe x3  
  125  7:53  Colossus  
  125  7:54  Stalker x3  
  125  7:58  Pylon  
  134  7:59  Pylon  
  134  8:01  Charge  
  134  8:09  Extended Thermal Lance  
  138  8:20  Gateway  
  138  8:22  Gateway  
  138  8:29  Pylon  
  138  8:32  Colossus  
  138  8:34  Nexus  
  134  8:37  Pylon  
  138  8:54  Stargate  
  138  8:58  Photon Cannon, Protoss Ground Weapons Level 3  
  138  9:01  Photon Cannon  
  138  9:03  Photon Cannon  
  138  9:04  Photon Cannon  
  138  9:08  Photon Cannon  
  138  9:09  Probe  
  140  9:10  Probe x2  
  140  9:13  Stalker x3  
  140  9:15  Colossus  
  147  9:17  Sentry x2  
  147  9:18  Sentry  
  147  9:19  Sentry  
  147  9:22  Stalker  
  163  9:37  Shield Battery  
  163  9:40  Shield Battery  
  163  9:45  Stalker x4  
  161  10:00  Warp Prism  
  161  10:03  Stalker x4  
  168  10:14  Dark Shrine  
  168  10:16  Sentry x2  
  168  10:18  Photon Cannon  
  168  10:19  Stalker x2  
  168  10:20  Photon Cannon  
  176  10:27  Assimilator x2  
  176  10:30  Stalker x3  
  176  10:32  Stalker  
  170  10:58  Stalker  
  170  10:59  Stalker x7  
  186  11:05  Gateway  
  186  11:07  Gateway  
  152  11:20  Immortal  
  152  11:22  Stalker x5  
  152  11:23  Stalker x3  
  110  11:50  Stalker  
  110  11:51  Stalker x7  
  126  11:54  Disruptor  
  130  12:06  Robotics Facility  
  129  12:15  Dark Templar  
  129  12:16  Dark Templar  
  129  12:18  Zealot x6  
  145  12:24  Disruptor  
  119  12:49  Stalker x8, Disruptor  
  121  12:51  Observer  
  121  12:55  Probe x4  
  129  13:05  Disruptor  
  127  13:18  Disruptor  
  131  13:28  Sentry x2, Zealot x3  
  139  13:37  Zealot x3  
  145  13:45  Warp Prism  
  137  13:52  Disruptor  
  142  13:56  Sentry  
  142  13:57  Sentry x3  
  150  14:03  Zealot  
  152  14:11  Dark Templar  
  152  14:12  Dark Templar x2  
  140  14:21  Dark Templar  
  140  14:22  Zealot  
  128  14:35  Archon  
  98  14:48  Zealot  
  98  14:49  Zealot x6  
  98  14:50  Warp Prism  
  86  15:17  Dark Templar x3  
  86  15:20  Dark Templar  
  94  15:24  Archon x2  
  92  15:30  Dark Templar x2  
  96  15:36  Archon  
Show
View Real Time Build Order
Export as new Build Order

Reynor Zerg - Winner!

Build Orders: Hatch First 

Get SALT Encoding   

  12  0:00  Drone  
  13  0:13  Overlord  
  13  0:17  Drone  
  14  0:31  Drone x2  
  16  0:45  Drone  
  16  0:47  Drone  
  18  0:55  Hatchery  
  17  0:57  Drone  
  17  1:01  Extractor  
  17  1:12  Spawning Pool  
  17  1:15  Drone  
  17  1:19  Drone  
  18  1:29  Drone  
  19  1:40  Drone  
  20  1:50  Overlord  
  20  1:59  Queen  
  22  2:07  Drone x2, Queen  
  26  2:11  Metabolic Boost  
  26  2:12  Zergling x2  
  27  2:18  Zergling x2  
  28  2:23  Drone  
  28  2:29  Drone  
  30  2:42  Hatchery  
  30  2:44  Queen  
  29  2:48  Overlord  
  29  2:49  Drone  
  32  2:53  Drone  
  32  2:54  Drone  
  32  2:56  Drone  
  35  3:02  Zergling x2  
  36  3:06  Drone  
  36  3:07  Drone x2  
  36  3:12  Drone x2  
  41  3:17  Overlord  
  41  3:22  Queen  
  41  3:23  Drone  
  44  3:37  Drone x2  
  44  3:39  Overlord  
  47  3:41  Zergling x4  
  47  3:42  Drone  
  47  3:44  Drone  
  51  3:56  Zergling x4  
  51  3:57  Zergling x2  
  51  3:59  Drone x2  
  51  4:01  Queen  
  60  4:06  Drone  
  60  4:08  Overlord  
  59  4:10  Drone x2  
  59  4:14  Drone  
  59  4:15  Drone x2  
  57  4:17  Spore Crawler  
  57  4:19  Evolution Chamber, Drone x2  
  57  4:22  Drone  
  58  4:24  Spore Crawler  
  58  4:29  Drone x2  
  59  4:35  Drone x2  
  59  4:37  Drone x3  
  64  4:39  Spore Crawler  
  58  4:46  Drone  
  58  4:47  Drone  
  58  4:48  Zerg Melee Weapons Level 1, Drone  
  61  4:56  Drone  
  61  4:58  Drone x2  
  61  4:59  Queen  
  64  5:02  Drone  
  64  5:03  Drone x2  
  64  5:06  Drone x2, Overlord  
  71  5:09  Zergling x2  
  71  5:11  Drone x2  
  73  5:15  Lair  
  73  5:18  Roach Warren  
  73  5:20  Overlord  
  73  5:21  Drone  
  73  5:25  Overlord  
  73  5:27  Drone x3  
  76  5:30  Drone, Extractor  
  76  5:31  Extractor  
  76  5:33  Overlord  
  75  5:39  Drone x3  
  75  5:40  Drone  
  79  5:43  Hatchery, Drone  
  79  5:44  Drone  
  79  5:45  Extractor  
  79  5:46  Drone x2  
  79  5:48  Zergling x2, Extractor  
  79  5:49  Extractor  
  79  5:51  Zergling x4  
  81  5:59  Roach  
  81  6:01  Roach  
  81  6:03  Roach x4  
  93  6:07  Overlord  
  93  6:10  Roach x2  
  97  6:13  Overlord  
  97  6:15  Drone  
  97  6:20  Overlord  
  97  6:23  Zergling x2  
  97  6:24  Overlord  
  98  6:27  Zergling x8  
  98  6:28  Ravager x3  
  98  6:32  Ravager  
  106  6:36  Overlord x2  
  106  6:39  Zergling x2  
  107  6:45  Ravager x3  
  107  6:46  Zergling x6  
  107  6:47  Zergling x2  
  111  6:49  Drone x2  
  111  6:50  Drone x2  
  115  6:55  Drone x2  
  115  6:56  Zerg Melee Weapons Level 2, Drone  
  115  6:58  Drone  
  118  7:01  Drone x2  
  118  7:02  Drone  
  118  7:05  Drone  
  119  7:08  Baneling Nest  
  119  7:09  Evolution Chamber  
  119  7:10  Roach x2  
  119  7:13  Zergling x2  
  119  7:15  Glial Reconstitution  
  121  7:16  Drone  
  121  7:20  Roach x3, Zergling x8  
  132  7:23  Roach  
  132  7:24  Drone x2  
  132  7:25  Overlord  
  132  7:26  Drone  
  132  7:29  Drone  
  138  7:31  Drone x2  
  138  7:32  Drone  
  138  7:34  Drone x2  
  138  7:35  Spore Crawler  
  138  7:36  Zerg Missile Weapons Level 1  
  142  7:40  Overlord  
  142  7:41  Roach  
  142  7:43  Drone  
  143  7:44  Roach  
  143  7:48  Zergling x2  
  143  7:50  Roach  
  146  7:53  Drone  
  146  7:54  Centrifical Hooks  
  146  7:57  Zergling x4  
  149  8:01  Zergling x2  
  149  8:02  Zergling x2  
  149  8:03  Drone x3  
  154  8:07  Zergling x16  
  158  8:13  Zergling x4  
  158  8:17  Hatchery, Ravager x2  
  158  8:18  Overlord x2  
  161  8:20  Zergling x2  
  161  8:22  Zergling x2  
  161  8:23  Baneling x10  
  162  8:30  Roach x2, Zergling x12  
  162  8:33  Zergling x4  
  162  8:34  Zergling x6  
  167  8:36  Zergling x2  
  167  8:37  Zergling x4  
  169  8:42  Drone  
  169  8:44  Pneumatized Carapace  
  169  8:45  Extractor  
  169  8:46  Extractor, Zergling x4  
  164  8:50  Zergling x2  
  164  8:54  Spire  
  164  8:55  Zergling x2  
  165  8:58  Zergling x12  
  171  9:07  Zergling x6  
  171  9:08  Zergling x6  
  173  9:10  Zergling x6  
  173  9:11  Zergling x2  
  173  9:14  Baneling x19  
  173  9:15  Baneling  
  173  9:16  Baneling x3  
  176  9:18  Overlord  
  176  9:20  Zergling x2  
  176  9:22  Zergling x4  
  179  9:27  Roach x2  
  179  9:29  Overlord  
  183  9:34  Zergling x12  
  187  9:38  Zergling x2  
  177  9:48  Roach x3  
  180  9:53  Overlord  
  169  10:01  Zergling x30  
  184  10:08  Corruptor  
  184  10:09  Corruptor x3  
  184  10:12  Zerg Flyer Weapons Level 1  
  191  10:14  Corruptor x2  
  191  10:19  Corruptor x2  
  199  10:22  Baneling x5  
  199  10:23  Baneling x6  
  199  10:27  Corruptor  
  199  10:30  Zergling x2  
  193  10:46  Zergling x6  
  193  10:47  Zergling x24  
  193  10:49  Zergling x6  
  187  10:53  Zergling x2  
  187  10:54  Zergling x10  
  191  10:57  Baneling x5  
  191  10:58  Zergling x8  
  191  10:59  Zergling x4  
  191  11:02  Zergling x2  
  197  11:04  Baneling x18  
  197  11:09  Zergling x4  
  187  11:13  Zergling x6  
  168  11:21  Zergling x10  
  168  11:24  Zergling x10  
  159  11:25  Roach, Zergling x2  
  159  11:26  Roach  
  159  11:30  Zergling x4  
  159  11:31  Ravager x3  
  162  11:34  Zergling x2  
  162  11:35  Zergling x4  
  162  11:36  Zergling x2  
  162  11:38  Zergling x2  
  163  11:41  Zergling x2  
  163  11:42  Zergling x2  
  163  11:45  Infestation Pit  
  163  11:46  Zergling x4  
  163  11:51  Roach x2  
  163  11:52  Roach, Zergling x2  
  167  11:54  Drone x4  
  167  11:57  Baneling  
  167  11:58  Baneling x16  
  167  11:59  Roach x2, Zergling x2  
  167  12:00  Zergling x2  
  177  12:03  Zergling x2  
  177  12:05  Hatchery  
  177  12:08  Zerg Missile Weapons Level 2  
  177  12:11  Zergling x8  
  177  12:14  Corruptor  
  177  12:18  Baneling x3  
  177  12:19  Baneling  
  177  12:20  Ravager x2  
  177  12:22  Drone x3  
  182  12:24  Hive  
  182  12:25  Zergling x20  
  180  12:40  Zergling x10  
  180  12:43  Zergling x2  
  172  12:46  Zergling x14  
  172  12:48  Roach x2, Zergling x8  
  173  12:52  Overseer  
  173  12:54  Baneling x4  
  173  12:55  Baneling x6  
  173  12:57  Roach x4, Zergling x4  
  180  13:00  Zergling x2  
  180  13:01  Overseer  
  180  13:02  Spore Crawler  
  180  13:03  Zergling x2  
  181  13:12  Ravager x3  
  182  13:18  Zergling x22  
  182  13:19  Hatchery  
  192  13:25  Hatchery, Ravager x3  
  194  13:31  Zergling x12  
  196  13:47  Baneling  
  196  13:48  Baneling x12, Adrenal Glands  
  192  13:51  Greater Spire  
  192  13:52  Baneling x5  
  192  13:53  Zergling x2  
  192  13:54  Overseer, Zergling x12  
  178  14:17  Zergling x16  
  178  14:18  Zergling x28  
  178  14:24  Baneling x10  
  184  14:25  Roach x2, Zergling x2  
  184  14:29  Zergling x8  
  182  14:38  Roach  
  182  14:40  Zergling x8  
  182  14:42  Zergling x6  
  172  14:46  Zergling x4  
  172  14:49  Zergling x2  
  172  14:50  Zergling x14  
  172  14:52  Zergling x4  
  178  14:55  Zergling x2  
  178  14:56  Zergling x2  
  178  14:59  Drone x2  
  164  15:00  Drone  
  164  15:01  Zergling x2  
  164  15:02  Zergling x2  
  164  15:04  Brood Lord x7  
  180  15:08  Zergling x6  
  180  15:11  Ravager x4  
  187  15:17  Drone x4  
  187  15:19  Ravager  
  187  15:20  Baneling x10  
  192  15:21  Zergling x10  
  192  15:23  Zergling x2  
  192  15:24  Zergling x4  
Tags
 
Add a new tag
Caveats
  • Supply blocks, unpowered buildings, or Contaminate may cause inaccurate times.
  • Supply counts are checked every 10 seconds.